 Dungeon Crawl Stone Soup version 0.32-a0-913-g739538afd8 (webtiles) character file.

Game seed: 5439973237368923181

238 dialectric the Trooper (level 5, 0/54 HPs)
             Began as a Troll Fighter on Apr 8, 2024.
             Slain by a gnoll
             ... wielding a +0 halberd
              (6 damage)
             ... on level 3 of the Dungeon.
             The game lasted 00:04:17 (2348 turns).

dialectric the Trooper (Troll Fighter)              Turns: 2348, Time: 00:04:17

Health: 0/54       AC:  5    Str: 24    XL:     5   Next: 78%
Magic:  4/4        EV:  9    Int:  4    God:
Gold:   99         SH:  0    Dex: 11    Spells: 4/4 levels left

rFire   . . .        p - +1 flail (heavy)
rCold   . . .        (no shield)
rNeg    . . .        b - +0 robe
rPois   .            (helmet restricted)
rElec   .            h - +0 cloak
rCorr   .            (gloves unavailable)
SInv    .            (boots unavailable)
Will    .....        (no amulet)
Stlth   +            (no ring)
HPRegen 1.09/turn    (no ring)
MPRegen 0.09/turn

%: no passive effects
@: no status effects
A: large, unfitting armour, claws 3, regeneration 1, shaggy fur 1, tough skin 1
a: no special abilities


You were on level 3 of the Dungeon.
You visited 1 branch of the dungeon, and saw 4 of its levels.

You collected 99 gold pieces.

Inventory:

Hand Weapons
 a - a +0 flail
 p - a +1 heavy flail (weapon)
Missiles
 q - 3 poisoned darts (quivered)
Armour
 b - a +0 robe (worn)
 c - a +0 kite shield
 h - a +0 cloak (worn)
Talismans
 n - a beast talisman
Scrolls
 e - a scroll of brand weapon {unknown}
 g - a scroll of enchant armour {unknown}
 m - a scroll of immolation
 r - a scroll of fog
Potions
 d - 2 potions of might
 f - a potion of resistance
 o - a potion of lignification


   Skills:
 * Level 3.7 Fighting
 + Level 2.9 Maces & Flails
 + Level 1.8 Armour
 + Level 3.2 Dodging
 - Level 3.0 Shields


You had 4 spell levels left.
You didn't know any spells.
Your spell library contained the following spells:

 Spells                   Type           Power      Damage    Failure   Level
 Blink                    Tloc           0%         N/A       65%         2
 Ensorcelled Hibernation  Hex/Ice        0%         N/A       65%         2
 Lesser Beckoning         Tloc           0%         N/A       65%         2
 Mercury Vapours          Alch/Air       0%         N/A       65%         2
 Momentum Strike          Conj/Tloc      0%         3d8       65%         2
 Fugue of the Fallen      Necr           0%         N/A       86%         3
 Mephitic Cloud           Conj/Alch/Air  0%         N/A       86%         3
 Anguish                  Hex/Necr       0%         N/A       99%         4
 Freezing Cloud           Conj/Ice/Air   0%         6-21      100%        5


Dungeon Overview and Level Annotations

Branches:
Dungeon (4/15)
 Temple: D:4-7

Altars:
Hepliaklqana
Xom

Shops:
D:2 *


Innate Abilities, Weirdness & Mutations

You are too large for most types of armour.
You have claws for hands.
Your natural rate of healing is unusually fast.
You are covered in fur. (AC +1)
You have tough skin. (AC +1)


Message History

You climb upwards.
There is a stone staircase leading down here.
Unknown command.
You sock the gnoll!
The gnoll is severely wounded.
The gnoll hits you with a +0 whip. The gnoll hits you with a +0 halberd!
The gnoll hits you with a +0 whip. The gnoll hits you with a +0 halberd!
You barely miss the gnoll.
The gnoll is severely wounded.
The gnoll completely misses you. The gnoll barely misses you.
The gnoll hits you with a +0 whip. The gnoll hits you with a +0 halberd!
You are too injured to fight recklessly!
You are too injured to fight recklessly!
You are too injured to fight recklessly!
You are too injured to fight recklessly!
You are too injured to fight recklessly!
Unknown command.
You barely miss the gnoll.
The gnoll is severely wounded.
The gnoll hits you with a +0 whip. The gnoll hits you with a +0 halberd!
* * * LOW HITPOINT WARNING * * *
The gnoll closely misses you. The gnoll completely misses you.
You closely miss the gnoll.
The gnoll is severely wounded.
The gnoll hits you but does no damage. The gnoll closely misses you.
The gnoll hits you with a +0 whip.
* * * LOW HITPOINT WARNING * * *
The gnoll hits you with a +0 halberd!
* * * LOW HITPOINT WARNING * * *
You barely miss the gnoll.
The gnoll is severely wounded.
The gnoll misses you. The gnoll hits you with a +0 halberd!
* * * LOW HITPOINT WARNING * * *
The gnoll closely misses you. The gnoll hits you but does no damage.
Unknown command.
Unknown command.
You feel better. The gnoll hits you with a +0 whip.
* * * LOW HITPOINT WARNING * * *
The gnoll hits you with a +0 halberd.
You die...

#.# #.# #.#...## #.# #.# #.#
#.##.## #.#
##.###.#######.##.#### #.#
#...##...............#######.#
#...##############...........#
.....# #.#(######### ###..##
#.#.#
##.#.############.#.############
#.###.........g@g.#.............
##.#.###########################
#..## #### ###.###
###################... #.....#
#...............†.....
#.###.######.##############.##...
#.# #........# #.###.#
#.###.######## #.# #># #.....#
#.# #.#


You could see 2 gnolls.

Vanquished Creatures
  An orc priest (D:3)
  Jessica (D:3)
  An orc wizard (D:3)
  Robin (D:3)
  4 gnolls
  An adder (D:2)
  2 dart slugs
  3 ribbon worms
  5 orcs (D:3)
  5 ball pythons
  5 endoplasms
  4 giant cockroaches
  7 hobgoblins
  2 jackals (D:1)
  2 quokkas
  6 bats
  5 frilled lizards
  21 goblins
  2 kobolds
  9 rats
87 creatures vanquished.

Notes
Turn   | Place    | Note
-------+----------+-------------------------------------------
     0 | D:1      | dialectric the Troll Fighter began the quest for the Orb.
     0 | D:1      | Reached XP level 1. HP: 22/22 MP: 0/0
   133 | D:1      | Reached XP level 2. HP: 29/29 MP: 1/1
   516 | D:1      | Reached XP level 3. HP: 32/36 MP: 2/2
   791 | D:2      | Reached skill level 1 in Armour
  1002 | D:2      | Reached XP level 4. HP: 21/44 MP: 3/3
  1142 | D:2      | Found Heogrie's Assorted Antiques.
  1550 | D:3      | Reached XP level 5. HP: 53/53 MP: 4/4
  1663 | D:3      | Noticed Robin
  1719 | D:3      | Killed Robin
  1909 | D:3      | Noticed Jessica
  1916 | D:3      | Killed Jessica
  2244 | D:3      | Found a shimmering altar of Xom.
  2245 | D:3      | Found a hazy altar of Hepliaklqana.
  2245 | D:3      | Noticed a brown ugly thing
  2246 | D:3      | Noticed a spectral ugly thing
  2246 | D:3      | Noticed a green ugly thing
  2347 | D:3      | HP: 1/54 [gnoll/+0 halberd (7)]
  2348 | D:3      | Slain by a gnoll

Illustrated notes

Levels and vault maps discovered:
D:1:      lemuel_arrival_muddy, layout_loops_ring,
          minmay_misc_feat_more_columns, hangedman_abyss_or_decor_stabs,
          minivault_24
D:2:      layout_loops_ring, serial_shops, nicolae_shop_statue_plus,
          serial_glass, glass_columns_a, glass_columns_b
D:3:      layout_loops_ring, regret_index_temple_of_mockery, uniq_jessica,
          uniq_robin
D:4:      layout_basic, mainiacjoe_overflow_swirl, uniq_menkaure, uniq_natasha,
          uniq_eustachio

Skill      XL: |  1  2  3  4 |
---------------+-------------+-----
Maces & Flails | 2 |  2.9
Shields        | 3 |  3.0
Armour         | 1 |  1.8
Fighting       | 3 |  3.7
Dodging        | 3 |  3.2

Action                     |  1- 3 |  4- 6 || total
---------------------------+-------+-------++-------
  Melee: Flail             |   152 |   141 ||   293
    Use: Scroll            |       |     4 ||     4
         Potion            |       |     4 ||     4
 Armour: Robe              |   126 |   196 ||   322
         Skin              |       |    18 ||    18
  Dodge: Dodged            |   103 |   137 ||   240

Table legend: (Time is in decaauts)
 A = Elapsed time spent in this place.
 B = Non-inter-level travel time spent in this place.
 C = Inter-level travel time spent in this place.
 D = Time resting spent in this place.
 E = Time spent auto-exploring this place.
 F = Levels seen in this place.
 G = Mean time per level.
                   A        B        C        D        E       F      G
               +--------+--------+--------+--------+--------+-----+--------+
         Total |   2459 |   2371 |     88 |     19 |   1531 |   4 |  614.8 |
       Dungeon |   2459 |   2371 |     88 |     19 |   1531 |   4 |  614.8 |
               +--------+--------+--------+--------+--------+-----+--------+

Top non-repeatable levels by time:
     D:3: 922 daAuts
     D:1: 819 daAuts
     D:2: 704 daAuts
     D:4: 13 daAuts
